[Event "Late-Titled-Tuesday-Blitz-October-10-2023"]
[Site "Chess.com"]
[Date "2023.10.10"]
[Round "7"]
[White "EfrenRamos1"]
[Black "DonBroca"]
[Result "0-1"]
[WhiteElo "2380"]
[BlackElo "2239"]
[TimeControl "180+1"]
[EndTime "15:13:00 PDT"]
[Termination "DonBroca won by resignation"]

1. c4 Nf6 2. Nc3 e6 3. e4 Nc6 4. d4 Bb4 5. f3 O-O 6. Be3 d6 7. Ne2 e5 8. d5 Ne7 9. a3 Ba5 10.
b4 Bb6 11. Qd2 Bxe3 12. Qxe3 c6 13. g3 cxd5 14. cxd5 Bd7 15. Bg2 Qc7 16. O-O Rfc8 17. Rfc1 Qd8 18. Rc2 b6 19. Rac1 Rc7 20. Qd2 Rac8 21.
Nd1 Rxc2 22. Rxc2 Rxc2 23. Qxc2 Qc8 24. Qxc8+ Bxc8 25. Ne3 Ba6 26. Nc3 Nd7 27. Bh3 Nb8 28. b5 Bc8 29. Bf1 Bd7 30. Nc4 Nc8 31. a4 g6 32. Kf2 f5 33. Ke3 fxe4 34. fxe4 Kf7 35. Be2 Ke7 36. h4 a6 37. g4 axb5 38. axb5 Kd8 39.
h5 Kc7 40. hxg6 hxg6 41. g5 Ne7 42. Na4 Nc8 43. Na3 Be8 44. Nc3 Nd7 45. Nd1 Nf8 46. Nf2 Nh7 47. Nh3 Bd7 48. Nf2 Nxg5 49. Bg4 Nf7 50.
Bxd7 Kxd7 51. Ng4 Ke7 52. Nf6 Kxf6 53. Nc4 Ng5 54. Kf2 Nh3+ 55. Kg3 Nf4 56. Kg4 Nd3 57. Nd2 Nc5 58. Nc4 Na4 59. Na3 Nc3 60. Kf3 Kg5 0-1

[Event "Late-Titled-Tuesday-Blitz-October-10-2023"]
[Site "Chess.com"]
[Date "2023.10.10"]
[Round "7"]
[White "arminmusovic"]
[Black "The_Princess_Moon"]
[Result "0-1"]
[WhiteElo "2498"]
[BlackElo "2318"]
[TimeControl "180+1"]
[EndTime "15:13:01 PDT"]
[Termination "The_Princess_Moon won by resignation"]

1. a3 e5 2. d4 exd4 3. Qxd4 Nc6 4. Qa4 d5 5. Nf3 Bd7 6. Nc3 Nf6 7. Bg5 d4 8. Nxd4 Bc5 9. Nxc6 Bxc6 10. Qh4 Qe7 11.
Bxf6 gxf6 12. e3 Rg8 13. Qc4 O-O-O 14. Bd3 Bxe3 15. fxe3 Qxe3+ 16. Ne2 Rxg2 17. Qc3 Rxe2+ 18. Bxe2 Qxc3+ 19. bxc3 Bxh1 20. Bd3 h6 21. O-O-O Bc6 22. Rg1 Rd5 23. Rf1 Rd6 24. Rg1 Rd5 25. Rf1 Rh5 26. Rxf6 Bd5 27. h3 Be6 28. Bf1 Kd7 29. Kb2 Ke7 30. Rf3 Rf5 31. Bg2 Rxf3 32. Bxf3 c6 33.
h4 Bd5 34. Bh5 f5 35. a4 f4 36. Kc1 Kf6 37. Kd2 Bc4 38. a5 Kf5 39. Bf3 Bd5 40.
Be2 Ke4 41. c4 Bf7 42. c5 f3 43. Bf1 Bd5 44. c4 Be6 45. Kc3 Ke3 46. a6 bxa6 47. Kb4 Bf5 48. Ka5 Kf2 49. Kxa6 Kxf1 50. Kxa7 Ke2 51. Kb6 Be4 52. Kc7 f2 53. Kd6 f1=Q 54.
Kc7 Qf4+ 55. Kb6 Qb8+ 56. Ka5 Kd3 57. h5 Qa7+ 58. Kb4 Qb7+ 59. Ka5 Kxc4 0-1

[Event "Late-Titled-Tuesday-Blitz-October-10-2023"]
[Site "Chess.com"]
[Date "2023.10.10"]
[Round "7"]
[White "BardArtem"]
[Black "IMGC"]
[Result "1-0"]
[WhiteElo "2772"]
[BlackElo "2407"]
[TimeControl "180+1"]
[EndTime "15:13:02 PDT"]
[Termination "BardArtem won by resignation"]

1. e4 b6 2. d4 Bb7 3. Bd3 e6 4. Nf3 c5 5. c3 Nf6 6. Qe2 Nc6 7. O-O cxd4 8. cxd4 Nb4 9. Nc3 Nxd3 10. Qxd3 Bb4 11.
Re1 O-O 12. Bg5 h6 13. Bh4 Be7 14. Rad1 d5 15. e5 Ne4 16. Bxe7 Qxe7 17. a3 Rac8 18. Ne2 f6 19. Nf4 Qf7 20. exf6 Qxf6 21. Nh5 Qg6 22. Ng3 Rc7 23. Ne5 Qg5 24. Nxe4 dxe4 25.
Qe3 Rc2 26. Qxg5 hxg5 27. Ng4 Rxb2 28. Rc1 e5 29. dxe5 Bc8 30. Ne3 Be6 31. Rc2 Rb3 32.
Ra1 Rd8 33. h3 Rdd3 34. Rc7 Rxa3 35. Rxa7 Rxa1+ 36. Rxa1 b5 37. Ra8+ Kf7 38. Rb8 Rb3 39. Rb7+ Ke8 40. Rxg7 b4 41. Rxg5 Rb1+ 42. Kh2 b3 43.
Rg7 b2 44. Rb7 Kd8 45. h4 Kc8 46. Rb4 Kd8 47. h5 Ke8 48. Rb7 Kf8 49. h6 Kg8 50. g4 Kh8 51. g5 Bf7 52. Ng4 Bg6 53. Nf6 1-0

[Event "Late-Titled-Tuesday-Blitz-October-10-2023"]
[Site "Chess.com"]
[Date "2023.10.10"]
[Round "7"]
[White "Arimin1329"]
[Black "AlivodicDario"]
[Result "0-1"]
[WhiteElo "2292"]
[BlackElo "2449"]
[TimeControl "180+1"]
[EndTime "15:13:02 PDT"]
[Termination "AlivodicDario won by checkmate"]

1. Nf3 d5 2. d4 e6 3. b3 Nd7 4. Bb2 Bd6 5. Nbd2 f5 6. e3 Ngf6 7. c4 c6 8. Be2 Ne4 9. Qc2 Qf6 10.
Nxe4 fxe4 11. Nd2 O-O 12. f4 exf3 13. Nxf3 Qh6 14. e4 Bg3+ 15. Kf1 Nf6 16. Bc1 Bf4 17. Bxf4 Qxf4 18. e5 Ng4 19. Qc1 Qxd4 20. Ke1 Qf2+ 21. Kd1 Ne3+ 22. Kd2 dxc4 23. Qc3 Rd8+ 24. Kc1 Qxe2 25.
Re1 Rd1+ 26. Rxd1 Qxd1+ 27. Kb2 Qe2+ 28. Ka3 Nc2+ 29. Ka4 a5 30. Nd4 b5+ 31. Nxb5 cxb5+ 32. Kxb5 cxb3+ 33. Kb6 Nxa1 34. Qc6 Ra6+ 35. Kc7 Qxe5+ 36. Kd8 Rxc6 37. Ke7 bxa2 38. h4 Rc7+ 39. Ke8 Ba6 40. h5 Qxh5+ 41. Kd8 Qe5 42. g4 Kf7 43. g5 Kg6 44.
Ke8 Kxg5 45. Kd8 Kf6 46. Ke8 g5 47. Kd8 g4 48. Ke8 g3 49. Kf8 g2 50. Kg8 h5 51.
Kh8 h4 52. Kg8 h3 53. Kf8 h2 54. Ke8 Nb3 55. Kf8 a4 56. Kg8 a3 57. Kh8 a1=Q 58.
Kg8 Qab2 59. Kf8 a2 60. Ke8 a1=Q 61. Kd8 g1=Q 62. Ke8 h1=Q 63. Kf8 Qf4 64. Ke8 e5 65. Kd8 e4 66. Ke8 e3 67. Kf8 e2 68. Ke8 Qad1 69.
Kf8 Qbc1 70. Ke8 Qff1 71. Kf8 Bd3 72. Ke8 Bb1 73. Kf8 Na1 74. Ke8 e1=Q+ 75. Kf8 Rc8# 0-1

[Event "Late-Titled-Tuesday-Blitz-October-10-2023"]
[Site "Chess.com"]
[Date "2023.10.10"]
[Round "7"]
[White "Mikhail_Golubev"]
[Black "ThaBarWa"]
[Result "0-1"]
[WhiteElo "2579"]
[BlackElo "2434"]
[TimeControl "180+1"]
[EndTime "15:13:03 PDT"]
[Termination "ThaBarWa won on time"]

1. e4 e6 2. d4 d5 3. Nc3 Nf6 4.
e5 Nfd7 5. f4 c5 6. Nf3 Nc6 7.
Be3 a6 8. a3 b5 9. dxc5 Bxc5 10. Bxc5 Nxc5 11. Nd4 Qb6 12. Nxc6 Qxc6 13. Qd4 Ne4 14.
Nxe4 dxe4 15. O-O-O O-O 16. Qd6 Bb7 17. Qxc6 Bxc6 18. Be2 Bd5 19. Rd4 Rac8 20. c3 f5 21. exf6 gxf6 22. f5 Rc5 23. fxe6 f5 24. e7 Re8 25. b4 Rxc3+ 26. Kd2 Rxa3 27. Rxd5 Rxe7 28. Rc1 f4 29. Rg5+ Kf7 30. Rf5+ Kg7 31. Rxf4 Ra2+ 32. Ke3 Ra3+ 33. Kf2 Rb3 34. Rc6 Rxb4 35. Rxa6 Rb2 36. Ra3 Rf7 37. Rxf7+ Kxf7 38. Re3 Rb4 39. Kg3 Kf6 40.
Kf4 Rb1 41. Rxe4 b4 42. g4 b3 43. g5+ Kg7 44. Re7+ Kf8 45. Rb7 b2 46. Bf3 Kg8 47. h3 Kf8 48. h4 Kg8 49. h5 Kf8 50. h6 Kg8 51. Bh5 Rf1+ 52. Ke5 b1=Q 53. Rxb1 Rxb1 54. Kf6 Rb6+ 55. Kf5 Rb5+ 56. Kf6 Rb6+ 0-1

[Event "Late-Titled-Tuesday-Blitz-October-10-2023"]
[Site "Chess.com"]
[Date "2023.10.10"]
[Round "7"]
[White "orestn"]
[Black "Grossboss19"]
[Result "1/2-1/2"]
[WhiteElo "2397"]
[BlackElo "2497"]
[TimeControl "180+1"]
[EndTime "15:13:04 PDT"]
[Termination "Game drawn by repetition"]

1. e4 c6 2. d4 d5 3. Nc3 dxe4 4. Nxe4 Nd7 5. Bd3 Ngf6 6. Ng5 e6 7. N1f3 Bd6 8. Qe2 h6 9. Ne4 Nxe4 10. Qxe4 Qc7 11.
c3 c5 12. O-O Nf6 13. Qe2 O-O 14. Ne5 b6 15. Ng4 Nxg4 16. Qxg4 Bxh2+ 17. Kh1 f5 18. Qh5 Bf4 19. Bxf4 Qxf4 20. Rae1 cxd4 21. cxd4 Qxd4 22.
Re3 e5 23. b3 e4 24. Bc4+ Kh8 25. Rg3 Qf6 26. Rg6 b5 27. Rxf6 Rxf6 28. Bxb5 Be6 29.
Bc4 Bxc4 30. bxc4 Rc8 31. Rc1 f4 32. c5 e3 33. fxe3 fxe3 34. Re1 Re6 35. Qd5 Rce8 36. c6 e2 37. c7 Re3 38. Qd2 Kh7 39.
Rxe2 Rxe2 40. Qxe2 Rxe2 41. c8=Q Rxa2 42. Qf5+ Kh8 43. Qf8+ Kh7 44. Qf5+ Kh8 45. Qe4 Ra5 46. Qc6 Rg5 47. Qa8+ Kh7 48. Qxa7 Rg6 49. Qa2 Rf6 50. Qc2+ Kh8 51. Qe4 h5 52. Kh2 h4 53. Qe8+ Kh7 54.
Kh3 Rh6 55. Qe4+ Kh8 56. Qe7 Kg8 57. Qe8+ Kh7 58. Kg4 Rg6+ 59. Kh3 Rh6 1/2-1/2

[Event "Late-Titled-Tuesday-Blitz-October-10-2023"]
[Site "Chess.com"]
[Date "2023.10.10"]
[Round "7"]
[White "Zhigalko_Sergei"]
[Black "Msb2"]
[Result "0-1"]
[WhiteElo "2898"]
[BlackElo "3046"]
[TimeControl "180+1"]
[EndTime "15:13:05 PDT"]
[Termination "Msb2 won on time"]

1. d4 d5 2. Nf3 e6 3. Bf4 c5 4. e3 Nc6 5. c3 Bd6 6. Bg3 Nge7 7. Bd3 O-O 8. O-O f6 9. c4 cxd4 10. exd4 dxc4 11. Bxc4 Nf5 12. d5 Na5 13. Bd3 Bxg3 14.
hxg3 Qxd5 15. Nc3 Qd8 16. Qc2 Nc6 17. Rad1 Qe7 18. a3 g6 19. Rfe1 e5 20. Nd5 Qf7 21.
Bc4 Be6 22. g4 Nfe7 23. Nxe7+ Nxe7 24. Bxe6 Qxe6 25. g5 Rac8 26. Qa4 Nc6 27. Qb5 Rc7 28. gxf6 Qxf6 29. Rd2 Re7 30. b4 Kg7 31. Qc4 a6 32. Qe4 Qf4 33. Rde2 Qxe4 34. Rxe4 Kf6 35. a4 b5 36. axb5 axb5 37. Rc1 Re6 38. Rc5 Rd8 39.
Rxb5 Nd4 40. Nxd4 exd4 41. Rxe6+ Kxe6 42. Kf1 Rd5 43. Rb7 Re5 44. Rb8 Kd7 45. f4 Re4 46. Rb7+ Kc6 47. Rxh7 d3 48. b5+ Kxb5 49. Rd7 Rxf4+ 50.
Ke1 Kc4 51. Kd2 Rf2+ 52. Ke3 Re2+ 53. Kf3 Re5 54. Rc7+ Rc5 55. Rd7 Rd5 56. Rc7+ Kb3 57. Rb7+ Kc2 58. Rc7+ Kb3 59. Rb7+ Kc4 60. Rc7+ Kd4 61.
Rc6 Rf5+ 62. Kg4 d2 63. Rd6+ Rd5 64. Rxd5+ Kxd5 65. Kg5 d1=Q 66. g4 Qd3 67. Kh6 Ke6 68. g5 Kf5 0-1

[Event "Late-Titled-Tuesday-Blitz-October-10-2023"]
[Site "Chess.com"]
[Date "2023.10.10"]
[Round "7"]
[White "GaiozNigalidze"]
[Black "Oleksandr_Bortnyk"]
[Result "0-1"]
[WhiteElo "2726"]
[BlackElo "3033"]
[TimeControl "180+1"]
[EndTime "15:13:08 PDT"]
[Termination "Oleksandr_Bortnyk won by resignation"]

1. d4 d6 2. Nf3 Nf6 3. e3 g6 4. Be2 Bg7 5. O-O O-O 6. b3 c5 7. Bb2 cxd4 8. exd4 Nc6 9. Nbd2 Bf5 10. a3 d5 11. h3 Rc8 12. Rc1 Qb6 13. c4 dxc4 14. Nxc4 Qd8 15. Nce5 Be4 16. Nxc6 Rxc6 17. Rxc6 Bxc6 18.
Ne5 Bd5 19. Qd3 Qb6 20. b4 Rc8 21. Rc1 Rxc1+ 22. Bxc1 Ne4 23. Be3 Nd6 24. Qc3 Qd8 25.
Qc5 Nf5 26. Qxa7 Nxe3 27. fxe3 Bh6 28. Ng4 Bg5 29. Qc5 b6 30. Qc1 Qa8 31. Bf1 Be6 32. Nf2 Qd5 33. Qc3 Bh4 34. Qc2 h5 35. a4 Qg5 36.
Qd2 Bd5 37. a5 bxa5 38. bxa5 Bg3 39. a6 Bd6 40. Nh1 Kh7 41. Qe2 e5 42. e4 Ba8 43.
d5 Bc5+ 44. Nf2 h4 45. Kh1 Qc1 46. Nd3 Qc3 47. Nxc5 Qxc5 48. Qe1 Qe7 49. Qf2 Kg7 50.
a7 Qc7 51. Bb5 Bb7 52. Kh2 Ba8 53. Qe3 Qd6 54. Qe1 Qf6 55. Qe3 Qd6 56. Qf2 Qc7 57. Bd3 Qa5 58. d6 Qa3 59. d7 Qxd3 60. Qxh4 Qxd7 61.
Qg5 Qc7 0-1

[Event "Late-Titled-Tuesday-Blitz-October-10-2023"]
[Site "Chess.com"]
[Date "2023.10.10"]
[Round "7"]
[White "FontVella8"]
[Black "YouShallNotPass001"]
[Result "1-0"]
[WhiteElo "2632"]
[BlackElo "2424"]
[TimeControl "180+1"]
[EndTime "15:13:08 PDT"]
[Termination "FontVella8 won by resignation"]

1. e4 c5 2. Nf3 d6 3. d4 cxd4 4. Nxd4 Nf6 5. f3 e5 6. Nb3 Be6 7. c4 Nc6 8. Be3 Be7 9. Nc3 O-O 10. Be2 Rc8 11. Rc1 a6 12. O-O Qd7 13. Qd2 Bd8 14. Rfd1 Na5 15. Nd5 Nxb3 16. axb3 b5 17. Nxf6+ Bxf6 18.
Qxd6 Qxd6 19. Rxd6 bxc4 20. bxc4 Rb8 21. Rc2 a5 22. c5 Rfc8 23. Ra6 a4 24. c6 Bb3 25. Rc3 Bd8 26. Ra7 Bc7 27. Rb7 h5 28. Ba6 Ra8 29.
Ba7 Ba5 30. Rc5 Bc7 31. Rcb5 Bd6 32. Rd7 Rxc6 33. Rbb7 Rc1+ 34. Kf2 Rxa7 35. Rxa7 Bc5+ 36. Kg3 Bxa7 37. Rxa7 Rc2 38. Ra8+ Kh7 39. Bb5 Rxb2 40.
Bxa4 Ra2 41. Bc6 Rxa8 42. Bxa8 Kh6 43. Bd5 f6 44. Bxb3 Kg5 45. Bd5 h4+ 46. Kf2 Kf4 47. g3+ Kg5 48. Ke3 g6 49. Be6 f5 50. exf5 gxf5 51. f4+ exf4+ 52. gxf4+ Kf6 53. Bc8 Kg6 54. h3 Kf6 55. Kd4 Kg6 56. Ke5 Kh5 57. Kxf5 Kh6 58. Kg4 Kg7 59. f5 Kh8 60. Kg5 Kg7 61. f6+ Kf8 62. Kg6 Kg8 63. f7+ Kf8 64. Ba6 Ke7 65.
Kg7 Ke6 66. f8=Q Ke5 67. Qf6+ Ke4 68. Bb7+ Ke3 69. Kg6 Kd2 70. Kf5 Kc1 71. Ke4 Kc2 72.
Qd4 Kb3 73. Qc5 1-0

[Event "Late-Titled-Tuesday-Blitz-October-10-2023"]
[Site "Chess.com"]
[Date "2023.10.10"]
[Round "7"]
[White "CarlosjPineror"]
[Black "miraitrunks"]
[Result "1-0"]
[WhiteElo "2500"]
[BlackElo "2244"]
[TimeControl "180+1"]
[EndTime "15:13:08 PDT"]
[Termination "CarlosjPineror won by checkmate"]

1. e4 c5 2. Nf3 Nc6 3. d4 cxd4 4. Nxd4 e5 5. Nb5 a6 6. Nd6+ Bxd6 7. Qxd6 Qf6 8. Qd2 Nge7 9. Qg5 Nd4 10. Bd3 Qb6 11.
Qxg7 Rg8 12. Qxe5 Rxg2 13. Qh8+ Rg8 14. Qxh7 Rg2 15. Qh8+ Rg8 16. Qh6 Nf3+ 17. Ke2 Ng1+ 18. Kf1 Qxh6 19. Bxh6 Nf3 20. Nd2 Nd4 21. Be3 Nec6 22. c3 Ne6 23. f4 d6 24. Kf2 Nc5 25. Bc2 Bh3 26. Rhg1 O-O-O 27. Rxg8 Rxg8 28. Rg1 Re8 29.
Rg7 Be6 30. b3 Rh8 31. Kg2 Nd8 32. f5 Bd7 33. Nf3 Bc6 34. Nd2 Rh4 35. Kg3 Rh8 36. h4 Be8 37. c4 Nc6 38. Nf3 Nd7 39. Bf4 Nde5 40. Nxe5 dxe5 41. Be3 Kd7 42. Bd1 b5 43. h5 bxc4 44. bxc4 Ke7 45. h6 Kf8 46. Bc5+ Ne7 47.
f6 Rxh6 48. Bxe7# 1-0

[Event "Late-Titled-Tuesday-Blitz-October-10-2023"]
[Site "Chess.com"]
[Date "2023.10.10"]
[Round "7"]
[White "greekplayer1"]
[Black "kuli4ik"]
[Result "1-0"]
[WhiteElo "2687"]
[BlackElo "2911"]
[TimeControl "180+1"]
[EndTime "15:13:10 PDT"]
[Termination "greekplayer1 won by resignation"]

1. e4 g6 2. h4 Bg7 3. h5 d5 4.
exd5 Qxd5 5. Nc3 Qa5 6. d4 Nc6 7. Be3 Bf5 8. h6 Bxd4 9. Bxd4 O-O-O 10. Bxh8 Rxd1+ 11. Rxd1 Nf6 12. Bxf6 exf6 13. Nf3 Qb4 14. Bd3 Bg4 15. Rh4 Qxb2 16. Rxg4 Qxc3+ 17. Kf1 a6 18.
Rc4 Qa5 19. Re4 Kb8 20. Re8+ Ka7 21. Rh8 Qh5 22. Rxh7 Nd4 23. Ke1 Ne6 24. Rh8 Nf4 25. h7 Nxg2+ 26. Kd2 Qh6+ 27. Kc3 Qg7 28. Rc8 f5+ 29. Nd4 Qxh7 30. Rxc7 Qh2 31. Rd7 Qe5 32. Rb1 Qa5+ 33. Rb4 Qc5+ 34. Kb3 Qc8 35. Rxf7 Nf4 36. Rbxb7+ Qxb7+ 37.
Rxb7+ Kxb7 38. Kc4 Kb6 39. Ne2 Nh3 40. f4 Nf2 41. Kd4 Ng4 42. c4 a5 43. c5+ Kc6 44.
Bc4 Nf6 45. Bf7 Nd7 46. Bxg6 Nxc5 47. Bxf5 Na6 48. Be4+ Kd6 49. Nc3 Nb4 50. a3 Na6 51.
f5 Nc7 52. a4 Na6 53. Nb5+ Ke7 54. Ke5 Nc5 55. f6+ Kf8 56. Bc2 Kf7 57. Nd6+ Kf8 58. Ne4 Na6 59. Ng5 Nb4 60. Bb3 Nd3+ 61. Kf5 Nc5 62.
Ne6+ Nxe6 63. Kxe6 1-0

[Event "Late-Titled-Tuesday-Blitz-October-10-2023"]
[Site "Chess.com"]
[Date "2023.10.10"]
[Round "7"]
[White "Smiechu"]
[Black "Aygehovit1992"]
[Result "0-1"]
[WhiteElo "2514"]
[BlackElo "2690"]
[TimeControl "180+1"]
[EndTime "15:13:17 PDT"]
[Termination "Aygehovit1992 won on time"]

1. e4 c5 2. Nf3 e6 3. d4 cxd4 4.
Nxd4 Nf6 5. Nc3 Nc6 6. a3 d5 7. Bb5 Bd7 8. exd5 exd5 9. O-O Be7 10. Nf3 Bg4 11. h3 Bh5 12. Re1 O-O 13. Be2 Rc8 14. Nd4 Bxe2 15. Ncxe2 Ne5 16. Nf5 Bc5 17. Neg3 Qb6 18.
Rxe5 Bxf2+ 19. Kh1 Rc4 20. Be3 Bxe3 21. Nxe3 Rd4 22.
Qf1 Qxb2 23. Rb1 Qxa3 24. Nef5 Rb4 25. Rxb4 Qxb4 26. Ne7+ Kh8 27. Nxd5 Qd6 28. Nxf6 Qxe5 29. Nd7 Qxg3 30. Nxf8 Qc7 31. Qd3 Kg8 32. Nxh7 Qe7 33. Qf5 g6 34. Qf6 Qe1+ 35. Kh2 Kxh7 36. Qxf7+ Kh6 37.
Qf4+ Kg7 38. Qc7+ Kf6 39. Qxb7 Qe5+ 40. Kg1 a5 41. Qc6+ Kf5 42. Qf3+ Ke6 43. Qc6+ Ke7 44.
Qb7+ Kd6 45. Qb8+ Kd5 46. Qb5+ Ke6 47. Qe8+ Kf5 48. Qf7+ Kg5 49. h4+ Kxh4 50. Qxg6 a4 51. Qh6+ Kg4 52. Qg6+ Kf4 53. Qh6+ Qg5 54. Qd6+ Kg4 55.
Qd4+ Qf4 56. Qg7+ Kf5 57. Qf7+ Ke4 58. Qc4+ Ke3 59. Qc3+ Ke2 60. Qd3+ Ke1 61. Qc3+ Kd1 62. Qd3+ Qd2 0-1

[Event "Late-Titled-Tuesday-Blitz-October-10-2023"]
[Site "Chess.com"]
[Date "2023.10.10"]
[Round "7"]
[White "FERNANDEZL1983"]
[Black "Harald_Schmidt"]
[Result "0-1"]
[WhiteElo "2522"]
[BlackElo "2372"]
[TimeControl "180+1"]
[EndTime "15:13:18 PDT"]
[Termination "Harald_Schmidt won on time"]

1. d4 d5 2. Bf4 c6 3. e3 Bf5 4.
c4 e6 5. Nc3 Nd7 6. Qb3 b6 7.
Nf3 Ngf6 8. h3 Be7 9. Be2 O-O 10. O-O dxc4 11. Qxc4 c5 12. Rfd1 Qc8 13. Qa4 a6 14.
Rd2 b5 15. Qd1 Qb7 16. Ne5 Rfd8 17. Bf3 Ne4 18. g4 Nxe5 19. Bxe5 Bg6 20. Kg2 b4 21. Nxe4 Bxe4 22. Bxe4 Qxe4+ 23. Qf3 Qxf3+ 24. Kxf3 Rac8 25. Rc1 f6 26. Bg3 cxd4 27. Rxc8 Rxc8 28.
exd4 Kf7 29. Ke4 a5 30. Kd3 Ke8 31. f4 Kd7 32. f5 g6 33. fxe6+ Kxe6 34. Ke4 a4 35.
d5+ Kd7 36. d6 Bd8 37. Kd5 Bb6 38. Bf2 Rc6 39. Bg3 Rc5+ 40. Ke4 b3 41. axb3 axb3 42. Rd3 Rc4+ 43. Kf3 Rb4 44. Rc3 f5 45. gxf5 gxf5 46. Bf4 Ba5 47. Rc1 Rd4 48. Rg1 Bd2 49. Rg7+ Ke8 50.
Re7+ Kd8 51. Bxd2 Rxd2 52. Rxh7 Rxb2 53. Rb7 Rb1 54. h4 b2 55. Kg2 f4 56. h5 f3+ 57.
Kh2 f2 0-1

[Event "Late-Titled-Tuesday-Blitz-October-10-2023"]
[Site "Chess.com"]
[Date "2023.10.10"]
[Round "7"]
[White "a-z30"]
[Black "IngOscarArdila"]
[Result "1-0"]
[WhiteElo "2465"]
[BlackElo "2309"]
[TimeControl "180+1"]
[EndTime "15:13:19 PDT"]
[Termination "a-z30 won on time"]

1. c4 Nf6 2. Nc3 e6 3. d4 Bb4 4.
g3 O-O 5. Bg2 d6 6. Bd2 Qe7 7.
Nf3 e5 8. O-O exd4 9. Nxd4 a6 10. h3 Bc5 11. Nb3 Ba7 12. Bg5 c6 13. Qd2 h6 14. Bf4 Rd8 15. Rad1 Ne8 16. Rfe1 Be6 17.
Qd3 g5 18. Be3 Bxe3 19. Qxe3 Nd7 20. Nd4 Ne5 21. b3 Qf6 22. Ne4 Qg7 23. Nf3 d5 24. Nc5 Nxf3+ 25. exf3 d4 26. Qd2 Qf6 27. Nxb7 Rd7 28. Nc5 Rdd8 29. Re4 Nc7 30. Rxd4 Rxd4 31. Qxd4 Qxd4 32. Rxd4 Kf8 33. f4 gxf4 34. Rxf4 Rd8 35. g4 Rd1+ 36. Kh2 Rd2 37. a4 Rb2 38. Bxc6 a5 39.
Kg3 Ke7 40. Bg2 Kd6 41. Ne4+ Ke5 42. Rf3 f5 43. gxf5 Bxf5 44. Re3 Ne6 45. Nc5+ Kf6 46. Nxe6 Bxe6 47. f4 Bf5 48. Bf3 Rb1 49. Bg4 Bc2 50. Rc3 Bxb3 51. c5 Bd5 52. c6 Rg1+ 53. Kh4 Ra1 54.
c7 Bb7 55. Rc4 Ke7 56. c8=Q Bxc8 57. Bxc8 Kd6 58. Bg4 Kd5 59. Rc8 Rxa4 60. Rh8 h5 61. Rxh5+ Kd6 62. Rh8 Rxf4 63. Kg5 Kc5 64. Kxf4 1-0

[Event "Late-Titled-Tuesday-Blitz-October-10-2023"]
[Site "Chess.com"]
[Date "2023.10.10"]
[Round "7"]
[White "DonJuanEGenaro"]
[Black "Atanejhad"]
[Result "0-1"]
[WhiteElo "1925"]
[BlackElo "2379"]
[TimeControl "180+1"]
[EndTime "15:13:19 PDT"]
[Termination "Atanejhad won on time"]

1. d4 Nf6 2. Nf3 g6 3. Bf4 Bg7 4. e3 O-O 5. Be2 c5 6. c3 d6 7. O-O Nc6 8. h3 Nd5 9. Bh2 cxd4 10.
cxd4 e5 11. Nc3 Nxc3 12. bxc3 e4 13. Ne1 d5 14. c4 Be6 15. c5 b6 16. Qa4 Na5 17.
Rc1 Nc4 18. Bxc4 dxc4 19. c6 Qd5 20. Nc2 b5 21. Qa6 Rfc8 22. Nb4 Qg5 23. Bf4 Qh5 24.
Rfd1 Bf8 25. d5 Bxh3 26. gxh3 Bxb4 27. d6 Bxd6 28. Rxd6 Qxh3 29. c7 Qg4+ 30. Bg3 h5 31. Kf1 h4 32. Bf4 Rxc7 33. Rxg6+ fxg6 34. Bxc7 Rf8 35. Qc6 Qh3+ 36. Ke1 Qh1+ 37. Ke2 Qf3+ 38. Kd2 Qxf2+ 39.
Kc3 Qxe3+ 40. Kb4 Qd2+ 41. Kxb5 Rf5+ 42. Ka6 Qxa2+ 43. Kb7 Qb2+ 44. Kc8 Rf8+ 45. Bd8 Qg7 46. Qe6+ Qf7 47. Qxf7+ Kxf7 48. Rxc4 Re8 49. Kd7 h3 50. Bc7 g5 51. Bg3 g4 52. Kd6 Kf6 53. Kd5 Kf5 54.
Rc2 e3 55. Re2 Re4 56. Bh2 a5 57. Bg3 a4 58. Bh2 a3 59. Bg3 a2 60. Rxa2 e2 0-1

[Event "Late-Titled-Tuesday-Blitz-October-10-2023"]
[Site "Chess.com"]
[Date "2023.10.10"]
[Round "7"]
[White "Polish_fighter3000"]
[Black "nihalsarin"]
[Result "0-1"]
[WhiteElo "3055"]
[BlackElo "3117"]
[TimeControl "180+1"]
[EndTime "15:13:24 PDT"]
[Termination "nihalsarin won on time"]

1. d4 Nf6 2. c4 e6 3. Nc3 Bb4 4. e3 O-O 5. Bd3 d5 6. a3 dxc4 7. Bxc4 Be7 8. Nf3 b6 9. O-O Bb7 10. b4 Nbd7 11. Bb2 c5 12. dxc5 bxc5 13. b5 Nb6 14.
Be2 Qc7 15. Qc2 Ng4 16. h3 Bxf3 17. hxg4 Bb7 18. a4 Nd5 19. Nxd5 Bxd5 20. e4 Bb7 21. a5 Qf4 22. Ra4 Rad8 23. Bc3 c4 24. Rxc4 Rc8 25. g3 Qg5 26. Bd4 Rxc4 27. Qxc4 Bxe4 28.
Be3 Qg6 29. Bxa7 Bd5 30. Qd3 Be4 31. Qe3 f5 32. gxf5 Qxf5 33. g4 Qg6 34. a6 Bd6 35.
f3 Bd5 36. Bd3 Qf6 37. Bd4 Bh2+ 38. Kxh2 Qh4+ 39. Kg2 Qxg4+ 40. Kf2 Rxf3+ 41. Ke1 Rxe3+ 42. Bxe3 Qb4+ 43. Ke2 Qg4+ 44. Kd2 Qb4+ 45. Ke2 Bc4 46. Bxc4 Qxc4+ 47. Kf2 Qc2+ 48. Kg1 Qg6+ 49. Kf2 Qc2+ 50.
Kg1 Qg6+ 51. Kf2 Qf5+ 52. Kg1 Qe5 53. Bf2 Qg5+ 54. Kh1 Qxb5 55. Ra1 Qd5+ 56. Kg1 Qg5+ 57. Kf1 Qb5+ 58. Kg1 Qe5 59. Re1 Qg5+ 0-1

[Event "Late-Titled-Tuesday-Blitz-October-10-2023"]
[Site "Chess.com"]
[Date "2023.10.10"]
[Round "7"]
[White "KaydenTroffChess"]
[Black "Grischuk"]
[Result "1-0"]
[WhiteElo "2823"]
[BlackElo "2974"]
[TimeControl "180+1"]
[EndTime "15:13:24 PDT"]
[Termination "KaydenTroffChess won on time"]

1. d4 e6 2. Nf3 c5 3. c3 Nf6 4.
Bf4 Nc6 5. e3 d5 6. Nbd2 Nh5 7.
Be5 f6 8. Bg3 g6 9. Bh4 Bd7 10. g4 Ng7 11. h3 cxd4 12. Nxd4 Bd6 13. Qf3 O-O 14. Bg3 Bxg3 15. Qxg3 e5 16. N4f3 Qb6 17. Rb1 Be6 18. Be2 d4 19. cxd4 exd4 20. exd4 Nxd4 21. Nxd4 Qxd4 22. Qc3 Qf4 23. Qf3 Qe5 24.
O-O f5 25. Nc4 Qf6 26. Rbd1 Rac8 27. b3 Qg5 28. Qe3 Qh4 29. Qg3 Qxg3+ 30. fxg3 fxg4 31. hxg4 Rxf1+ 32. Kxf1 b6 33. Nd6 Rd8 34. Nb5 Rxd1+ 35.
Bxd1 a5 36. Nd4 Kf7 37. Kf2 Kf6 38. Ke3 Bd5 39. Bf3 Ke5 40. Bxd5 Kxd5 41. Kd3 Ne8 42. Nf3 Nf6 43. g5 Ne4 44. g4 Nf2+ 45. Ke3 Nxg4+ 46. Kf4 Nf2 47. Ke3 Ne4 48. Kd3 b5 49. a3 b4 50. axb4 axb4 51. Ke3 Nd6 52. Nd2 Ke5 53. Nf3+ Kd5 54. Kf4 Nf5 55. Nd2 Nd4 56. Ne4 Nxb3 57. Nf6+ Ke6 58. Nxh7 Nc5 59. Ke3 b3 60. Kd2 Kf5 61. Kc3 Kf4 62. Kb2 Ke5 63. Kc3 Ke6 64. Nf6 Kf5 65. Nh7 1-0

[Event "Late-Titled-Tuesday-Blitz-October-10-2023"]
[Site "Chess.com"]
[Date "2023.10.10"]
[Round "7"]
[White "falzehope0"]
[Black "sergeikim"]
[Result "0-1"]
[WhiteElo "2348"]
[BlackElo "2578"]
[TimeControl "180+1"]
[EndTime "15:13:27 PDT"]
[Termination "sergeikim won on time"]

1. d4 Nf6 2. e3 g6 3. Bd3 Bg7 4. f4 d6 5. Nf3 O-O 6. O-O Nbd7 7.
f5 c5 8. Qe1 b6 9. Qh4 Bb7 10.
fxg6 fxg6 11. Ng5 e5 12. Ne6 Qe7 13. Nxf8 Rxf8 14. Nc3 d5 15. Bd2 e4 16. Be2 a6 17.
Na4 Qe6 18. c3 h6 19. Qg3 Kh7 20. Qc7 Bc6 21. b3 Bxa4 22. bxa4 c4 23. Rab1 Ne8 24. Qg3 Nef6 25. Rbe1 h5 26. h3 Bh6 27. Bc1 Rf7 28. Ba3 Bf8 29. Bxf8 Nxf8 30. Rb1 N8d7 31. Rf2 Qc6 32.
Bd1 Kg7 33. Bc2 Qe6 34. Rbf1 Qe7 35. Qc7 Qa3 36. Bd1 Qxc3 37. Qg3 Qa3 38. Bxh5 Nf8 39.
Qg5 Qd6 40. Qe5 Qc6 41. Bd1 Nd7 42. Qg5 Qd6 43. Qh4 Qa3 44. g4 Qxe3 45. g5 Ng8 46. Kh1 Rxf2 47. Rxf2 Qxd4 48. Qf4 Qxd1+ 49. Kg2 Qd4 50.
Qf7+ Kh8 51. Qxd7 Qe5 52. Qf7 Qxg5+ 53. Kh2 e3 54. Rg2 Qe5+ 55. Kh1 Qa1+ 56. Rg1 Qf6 57. Qxg6 Qxg6 58. Rxg6 e2 59. Re6 d4 60. Rxe2 d3 61. Rd2 Nf6 62. Rd1 Ne4 63. Kg2 d2 64. Kf3 c3 65. Ke2 Kg7 66. Kd3 b5 0-1

[Event "Late-Titled-Tuesday-Blitz-October-10-2023"]
[Site "Chess.com"]
[Date "2023.10.10"]
[Round "7"]
[White "Ali_rastbod"]
[Black "The_Straightforward_Rook"]
[Result "1-0"]
[WhiteElo "2749"]
[BlackElo "2546"]
[TimeControl "180+1"]
[EndTime "15:13:30 PDT"]
[Termination "Ali_rastbod won on time"]

1. e4 e5 2. Nc3 Nf6 3. g3 Nc6 4. Bg2 Bc5 5. d3 a5 6. h3 d6 7. Nge2 h6 8. Be3 a4 9. a3 Bxe3 10. fxe3 Be6 11. d4 Bc4 12. O-O O-O 13. b3 axb3 14.
cxb3 Bxe2 15. Nxe2 exd4 16. exd4 Re8 17. Nc3 Qb8 18.
Qd3 Qa7 19. Rfd1 Ne5 20. Qe3 Ng6 21. b4 c6 22. Qf2 Re7 23. Re1 Rae8 24. a4 Qb6 25. b5 cxb5 26. axb5 h5 27. Bh1 h4 28. g4 Rc7 29. Ra3 Rec8 30. Qe3 Rc4 31. g5 Nh5 32. Nd5 Qxd4 33. Nb6 Qxe3+ 34. Raxe3 Ne5 35.
Nxc8 Rxc8 36. b6 Nf4 37. Rf1 Ne6 38. g6 Nxg6 39. e5 Nxe5 40. Rb1 Nc5 41. Rc1 Ned7 42. Re7 Nxb6 43. Bxb7 Rb8 44. Bf3 Nbd7 45. Rd1 Ne5 46. Bg2 Rb6 47. Re8+ Kh7 48. Rd8 Ne6 49. R8xd6 Rxd6 50. Rxd6 g5 51. Bf1 Kg6 52. Ra6 Kf5 53. Ra5 Kf4 54. Kf2 Nd4 55. Ra4 Nc6 56. Bg2 Ke5 57. Ra8 f6 58. Re8+ Kf5 59. Be4+ Kf4 60. Bh7 Ne5 61.
Kg2 Nf5 62. Ra8 Ne3+ 63. Kf2 1-0